 Dungeon Crawl Stone Soup version 0.26-b1-32-g5d43845318 (webtiles) character file.

Game seed: 4201184369640546667

1038 Borgoz the Covered (level 8, 49/49 HPs)
             Began as a Gargoyle Fighter on Jan 13, 2021.
             Quit the game on level 5 of the Dungeon.
             The game lasted 00:05:37 (4740 turns).

Borgoz the Covered (Gargoyle Fighter)               Turns: 4740, Time: 00:05:38

Health: 49/49      AC: 16    Str: 20    XL:     8   Next: 24%
Magic:  7/7        EV: 13    Int:  9    God:
Gold:   258        SH:  9    Dex: 13    Spells: 7/7 levels left

rFire    . . .     SeeInvis .   d - +4 scimitar
rCold    + . .     Faith    .   c - +0 kite shield
rNeg     + . .     Spirit   .   b - +0 scale mail
rPois    ∞         Reflect  .   m - +0 helmet
rElec    +         Harm     .   t - +0 cloak
rCorr    .         Rampage  .   (no gloves)
Will     .....                  (no boots)
Stlth    ..........             (no amulet)
HPRegen  0.16/turn              n - +4 ring of evasion
MPRegen  0.10/turn              (no ring)

@: no status effects
A: agile 1, cold resistance 1, low mp 1, negative energy resistance 1, shaggy
fur 1, electricity resistance, unbreathing, petrification resistance, miasma
immunity, AC +5
a: no special abilities


You were on level 5 of the Dungeon.
You visited 2 branches of the dungeon, and saw 7 of its levels.

You collected 258 gold pieces.

Inventory:

Hand Weapons
 d - a +4 scimitar (weapon)
Armour
 b - a +0 scale mail (worn)
 c - a +0 kite shield (worn)
 m - a +0 helmet (worn)
 t - a +0 cloak (worn)
Jewellery
 n - a +4 ring of evasion (left hand)
Wands
 a - a wand of iceblast (11)
 j - a wand of disintegration (4)
 q - a wand of flame (8)
Scrolls
 h - 6 scrolls of remove curse
 l - 2 scrolls of enchant armour
 s - 2 scrolls of teleportation
 u - a scroll of brand weapon {unknown}
Potions
 e - a potion of heal wounds {unknown}
 f - a potion of magic
 g - a potion of ambrosia
 i - 2 potions of haste
 k - a potion of flight {unknown}
 o - 2 potions of brilliance {unknown}
 p - 2 potions of curing


   Skills:
 + Level 5.2 Fighting
 * Level 5.1 Long Blades
 + Level 5.4 Armour
 * Level 4.2 Dodging
 - Level 3.2 Shields


You had 7 spell levels left.
You didn't know any spells.
Your spell library was empty.

Dungeon Overview and Level Annotations

Branches:
Dungeon (6/15)             Temple (1/1) D:4

Altars:
Dithmenos
Elyvilon
Gozag
Hepliaklqana
Kikubaaqudgha
Makhleb
Nemelex Xobeh
Okawaru
Sif Muna
Trog
Uskayaw
Wu Jian
Xom

Shops:
D:4 [

Annotations:
D:5 2 transporters, Borgoz's ghost, novice GrBe


Innate Abilities, Weirdness & Mutations

You are resistant to torment.
Your stone body is resilient. (AC +5)
You are immune to poison.
You resist negative energy. (rN+)
You are resistant to electric shocks. (rElec)
You can survive without breathing.
You are immune to petrification.
You are immune to miasma.
You are agile. (Dex +2)
Your flesh is cold resistant. (rC+)
Your magical capacity is low. (-10% MP)
You are covered in fur. (AC +1)


Message History

Partly explored, unvisited transporter.
You see here a +0 leather armour.
Things that are here:
a +0 mace; a +0 leather armour
There is an open door here.
There is an open door here.
The killer bee buzzes angrily.
You hear an angry buzzing noise.
The killer bee buzzes angrily.
The hornet buzzes angrily.
The killer bee buzzes angrily.
You hear an angry buzzing noise.
There is a transporter here.
It was a potion of mutation.
You feel extremely strange. Fur sprouts all over your body.
You feel less energetic.
You feel agile.
You feel resistant to cold.
You start waiting.
The killer bee buzzes angrily. x2
Borgoz's ghost whispers, "Meet the emptiness of death!"
Borgoz's ghost screams, "I'll kill anyone who wants the ORB!"
Borgoz's ghost yells, "Who would have thought, even in death it is a pleasure to sever!"
Done waiting.
Are you sure you want to abandon this character and quit the game? (Confirm with "yes".)

.......###.###..#.#
..##..#########...#
..##.###.# #.###..#
..##.##...#.y.##..#
..##.####.#.####..#
..##.##y..#!.y##..#
+###.#.#.#.#y#y#..#
.###.#yy#.. #yy#..#
.##.©#yy# #Wy#@.#
.##..#yy#.. #.y#.##
.....#y#.#.#.#y#.#
.###.##...#...##.#
.# #.####.#.####.#
.# #.##yy.#...##.#
.# #.###y# #.###.#
.# #..#########..#
.####..###.###..##


You could see a hornet, 7 killer bees and Borgoz's ghost.

Vanquished Creatures
  Eustachio (D:4)
  2 ogres (D:5)
  2 bullfrogs
  A scorpion (D:5)
  4 wights (D:6)
  3 hounds
  Jessica (D:2)
  Terence (D:2)
  An iguana (D:5)
  3 worker ants
  4 adders
  An ufetubus (D:5)
  3 worms (D:2)
  6 leopard geckos
  11 orcs
  A ball python (D:2)
  2 bats
  5 giant cockroaches
  7 goblins
  5 hobgoblins
  9 jackals
  9 kobolds
  2 quokkas
  5 frilled lizards
  A leopard gecko skeleton (D:4)
  5 rats
95 creatures vanquished.

Notes
Turn   | Place    | Note
-------+----------+-------------------------------------------
     0 | D:1      | Borgoz the Gargoyle Fighter began the quest for the Orb.
     0 | D:1      | Reached XP level 1. HP: 14/14 MP: 1/1
   132 | D:1      | Reached XP level 2. HP: 19/19 MP: 2/2
   591 | D:2      | Reached XP level 3. HP: 21/23 MP: 3/3
   594 | D:2      | Reached skill level 1 in Dodging
   610 | D:2      | Found an iron altar of Okawaru.
   627 | D:2      | Noticed Jessica
   642 | D:2      | Killed Jessica
   900 | D:2      | Reached XP level 4. HP: 16/29 MP: 4/4
  1047 | D:2      | Noticed Terence
  1056 | D:2      | Killed Terence
  1309 | D:2      | Reached XP level 5. HP: 33/33 MP: 5/5
  1454 | D:2      | You fall into a shaft and drop 1 floor!
  1463 | D:3      | Found an ancient bone altar of Kikubaaqudgha.
  1680 | D:3      | You fall into a shaft and drop 3 floors!
  1682 | D:6      | Identified the +9 trident of Wucan {vamp, rElec rF+ Stlth+}
  1682 | D:6      | Identified the -3 buckler of Giusty {rF+ Regen+ Str-4
                  | Int+2}
  1740 | D:6      | Reached XP level 6. HP: 29/38 MP: 6/6
  1783 | D:5      | Entered Level 5 of the Dungeon
  1818 | D:4      | Noticed a +0 hand axe
  1821 | D:4      | Noticed a +0 hand axe
  1861 | D:4      | Found a hide-covered altar of Uskayaw.
  1933 | D:2      | Found a faded altar of an unknown god.
  2179 | D:3      | Reached XP level 7. HP: 44/44 MP: 7/7
  2854 | D:4      | Noticed Eustachio
  2872 | D:4      | Killed Eustachio
  2956 | D:4      | Found Wetapen's Armour Emporium.
  2963 | D:4      | Reached skill level 5 in Armour
  3214 | D:4      | Found a staircase to the Ecumenical Temple.
  3228 | Temple   | Entered the Ecumenical Temple
  3892 | D:5      | Noticed a hornet
  3899 | D:5      | Reached skill level 5 in Fighting
  3959 | D:5      | Found a transporter.
  3962 | D:5      | Noticed Borgoz's ghost (novice GrBe)
  3963 | D:5      | Found a transporter.
  4409 | D:5      | Reached XP level 8. HP: 49/49 MP: 8/8
  4476 | D:5      | Reached skill level 5 in Long Blades
  4545 | D:5      | Found a shimmering altar of Xom.
  4639 | D:5      | Gained mutation: You are covered in fur. (AC +1) [potion of
                  | mutation]
  4639 | D:5      | Gained mutation: Your magical capacity is low. (-10% MP)
                  | [potion of mutation]
  4639 | D:5      | Gained mutation: You are agile. (Dex +2) [potion of
                  | mutation]
  4639 | D:5      | Gained mutation: Your flesh is cold resistant. (rC+)
                  | [potion of mutation]
  4740 | D:5      | Quit the game

Illustrated notes

Levels and vault maps discovered:
D:1:      mushboom_english_gardens, layout_basic, minmay_ruptured
D:2:      layout_loops_ring, lemuel_doored_altar,
          chequers_ecumenical_altar_grove, uniq_terence, uniq_jessica
D:3:      layout_loops_corners, kiku_gazebo_garden_becter
D:4:      layout_loops_cross, dancing_weapons_uskayaw,
          minmay_temple_entry_butterflies, serial_shops,
          nicolae_shop_waterfront, uniq_eustachio
D:5:      layout_basic, lemuel_coloured_pillars_altar, gammafunk_ghost_hive
D:6:      layout_basic, nicolae_overflow_hidden_temple,
          nicolae_overflow_crystal_walls, gammafunk_ghost_gnarly_gnolls,
          kennysheep_another_room, uniq_menkaure
Temple:   jpeg_temple_island

Skill      XL: |  1  2  3  4  5  6  7  8 |
---------------+-------------------------+-----
Long Blades    | 2 3 4 5 |  5.1
Dodging        | 1 2 3 4 |  4.2
Armour         | 4 5 |  5.4
Fighting       | 4 5 |  5.2
Shields        | |  3.2

Action                   |  1- 3 |  4- 6 |  7- 9 || total
-------------------------+-------+-------+-------++-------
Melee: Long sword        |    79 |    99 |       ||   178
       Scimitar          |       |    15 |   117 ||   132
  Use: Scroll            |       |     9 |     3 ||    12
       Potion            |       |     2 |     1 ||     3
 Stab: Invisible         |       |     2 |       ||     2
Armor: Scale mail        |    52 |    42 |    24 ||   118
Dodge: Dodged            |    25 |    49 |    65 ||   139
Block: Kite shield       |    43 |    48 |    60 ||   151
       Rpst.: Long sword |     6 |    11 |       ||    17
       Scimitar          |       |     6 |    20 ||    26
